 Dungeon Crawl Stone Soup version 0.29.1-12-g30fa7ad0bf (webtiles) character file.

Game seed: 7748942042078914266

12278 MisterFreud the Cruncher (level 12, -5/97 HPs)
             Began as a Formicid Gladiator on Dec 18, 2022.
             Was the Champion of Yredelemnul.
             Killed from afar by an electric eel (12 damage)
             ... with a bolt of electricity
             ... on level 1 of the Lair of Beasts.
             The game lasted 00:16:24 (12969 turns).

MisterFreud the Cruncher (Formicid Gladiator)      Turns: 12969, Time: 00:16:25

Health: -5/97      AC: 14    Str: 28    XL:     12   Next: 18%
Magic:  17/18      EV: 12    Int:  8    God:    Yredelemnul [******]
Gold:   794        SH:  0    Dex: 17    Spells: 11/11 levels left

rFire   . . .      SeeInvis +   G - +3 lajatang (spect)
rCold   + . .      Faith    +   (no shield)
rNeg    + . .      Spirit   .   s - +4 ring mail {rN+}
rPois   .          Reflect  .   (helmet unavailable)
rElec   .          Harm     .   y - +2 cloak
rCorr   .          Rampage  .   (no gloves)
Will    +....                   (no boots)
Stlth   +.........              t - amulet of faith
HPRegen 0.26/turn               C - +6 ring of strength
MPRegen 0.16/turn               J - ring of protection from cold

@: lethally poisoned (-5 -> -10), very slow
A: permanent stasis, dig shafts and tunnels, antennae 3, four strong arms
a: Dig, Shaft Self, Renounce Religion, Recall Undead Harvest, Dark Bargain,
Drain Life, Bind Soul


You were on level 1 of the Lair of Beasts.
You worshipped Yredelemnul.
Yredelemnul was aware of your devotion.
You visited 3 branches of the dungeon, and saw 12 of its levels.

You collected 794 gold pieces.

Inventory:

Hand Weapons
 a - a +1 quarterstaff
 w - a +3 quarterstaff of chaos
 G - a +3 spectral lajatang (weapon)
Missiles
 c - 3 throwing nets (quivered)
 d - 5 javelins
 i - 13 boomerangs
 v - 12 poisoned darts
 I - a curare-tipped dart
Armour
 b - a +0 leather armour
 s - a +4 ring mail of positive energy (worn)
 y - a +2 cloak (worn)
Jewellery
 e - a ring of ice
 r - an amulet of reflection
 t - an amulet of faith (around neck)
 C - a +6 ring of strength (left hand)
 J - a ring of protection from cold (right hand)
 K - an amulet of guardian spirit
 M - a +6 ring of strength
Wands
 p - a wand of flame (31)
 u - a wand of iceblast (2)
 E - a wand of quicksilver (18)
 L - a wand of digging (6)
 N - a wand of paralysis (1)
Scrolls
 g - 2 scrolls of butterflies
 n - 3 scrolls of fear
 H - a scroll of amnesia
 O - a scroll of identify
Potions
 f - 2 potions of mutation
 h - a potion of flight
 j - 4 potions of heal wounds
 k - 5 potions of curing
 l - 3 potions of brilliance
 m - a potion of magic
 o - a potion of cancellation
 q - 3 potions of attraction
 x - 7 potions of ambrosia
 z - 2 potions of berserk rage
 A - 2 potions of invisibility
 B - 2 potions of resistance
 D - a potion of lignification
 F - 2 potions of might


   Skills:
 - Level 10.0 Fighting
 + Level 13.4 Staves
 - Level 2.0 Throwing
 - Level 8.1 Armour
 - Level 2.6 Dodging
 - Level 8.0 Invocations


You had 11 spell levels left.
You didn't know any spells.
Your spell library contained the following spells:

 Spells                   Type           Power      Damage    Failure   Level
 Conjure Flame            Conj/Fire      0%         6-21      87%         3
 Ignite Poison            Fire/Tmut/Pois 0%         N/A       87%         3
 Sticky Flame             Conj/Fire      0%         2d3       99%         4


Dungeon Overview and Level Annotations

Branches:
Dungeon (10/15)            Temple (1/1) D:4            Lair (1/5) D:9
    Orc: D:9-12

Altars:
Cheibriados
Dithmenos
Elyvilon
Fedhas
Gozag
Hepliaklqana
Kikubaaqudgha
Makhleb
Okawaru
Qazlal
Ru
Sif Muna
Trog
Uskayaw
Vehumet
Wu Jian
Xom
Yredelemnul
Zin
The Shining One

Shops:
D:4 *   D:8 (   D:10 *[:=

Annotations:
D:6 2 transporters
D:10 3 runed translucent doors


Innate Abilities, Weirdness & Mutations

You cannot be hasted, slowed, berserked, paralysed or teleported.
You can dig through walls and to a lower floor.
You have a pair of large antennae on your head. (SInv)
Your four strong arms can wield two-handed weapons with a shield.


Message History

Your yak zombie gores the plant.
Your yak zombie misses the cane toad.
Your water moccasin zombie bites the plant.
Your yak zombie gores the cane toad.
Your unstable footing causes you to fumble your attack.
Your yak zombie is recalled.
You feel sick.
Your wyvern zombie bites the plant!
The plant begins to die.
The cane toad barely misses you.
Your bullfrog zombie hits the plant.
Your black mamba zombie bites the plant!
Your cane toad zombie barely misses the cane toad.
Your yak zombie gores the plant!
Your unstable footing causes you to fumble your attack.
You finish recalling your allies.
You feel very sick.
Your wyvern zombie bites the plant!
Your water moccasin zombie bites the plant.
Your black mamba zombie bites the plant.
The cane toad closely misses you.
Your bullfrog zombie hits the plant.
Your yak zombie gores the plant!
Your yak zombie gores the cane toad!
Your yak zombie barely misses the cane toad.
Your yak zombie gores the cane toad!
Your cane toad zombie hits the cane toad.
The cane toad dies!
An electric eel comes into view.
You feel very sick.
Your water moccasin zombie bites the plant!
The electric eel shoots out a bolt of lightning at you!
The bolt of electricity hits the plant!
The bolt of electricity hits your yak zombie!
The bolt of electricity hits you!
* * * LOW HITPOINT WARNING * * *
Your bullfrog zombie hits the plant.
Your yak zombie gores the plant. x2
You swap places.
You feel sick.
A nearby plant withers and dies.
Your yak zombie gores the plant!
The plant begins to die.
The electric eel shoots out a bolt of lightning at you!
The bolt of electricity hits your yak zombie!
The bolt of electricity hits your black mamba zombie!
The bolt of electricity hits your yak zombie!
The bolt of electricity hits you!
You die...
Your body rises from the dead as a mindless zombie.

##Z### ###.Z.####
#.....Z..##♣ ~.
#...####...♣♣♣~♣.
#..## ##..♣~~~~~♣
.... #..~♣P~♣~P♣
#...# #..~P~~~~~~
...## #ZZ~Z~P~♣♣~
..# #Z@~~~~~~~~
#~♣♣Z~Z~~~~P ##
♣ZZZ~≈≈♣~
♣ZPZ≈≈≈≈~
♣P≈≈≈≈≈≈~
~~~≈Z≈≈≈~
~≈≈Z≈≈≈≈≈
~≈≈S≈≈≈≈≈
♣~≈≈≈≈≈≈≈≈


You could see an electric eel (ally target), a friendly water moccasin zombie, a
friendly black mamba zombie, 8 friendly yak zombies, a friendly bullfrog zombie,
a friendly cane toad zombie and a friendly wyvern zombie.

Vanquished Creatures
  A black mamba (Lair:1)
  An elephant (D:9)
  A cane toad (Lair:1)
  A queen bee (D:9)
  2 hornets
  Grinder (D:5)
  A shadow (D:9)
  3 wyverns
  23 yaks
  A wraith (D:9)
  A basilisk (D:9)
  An acid dragon (D:10)
  2 water moccasins
  Duvessa (D:5)
  3 ice beasts
  2 sky beasts
  2 black bears
  6 orc warriors
  An ogre (D:5)
  4 centaurs
  A phantom (D:6)
  A kobold brigand (D:8)
  6 bullfrogs
  A scorpion (D:6)
  4 wights (D:8)
  17 killer bees (D:9)
  3 howler monkeys (D:10)
  An electric eel (Lair:1)
  7 orc priests
  4 hounds
  Crazy Yiuf (D:4)
  A jelly (D:6)
  5 iguanas
  Ijyb (D:4)
  7 orc wizards
  10 adders
  3 river rats (D:3)
  3 shadow imps (D:6)
  A white imp (D:6)
  4 ufetubi (D:6)
  3 worms
  2 dart slugs
  27 orcs
  8 endoplasms
  3 giant cockroaches
  8 goblins
  5 hobgoblins
  7 jackals
  17 kobolds
  2 quokkas
  8 ball pythons
  6 bats
  4 frilled lizards
  9 rats
248 creatures vanquished.

Vanquished Creatures (collateral kills)
  A cane toad (Lair:1)
  2 yaks
  2 centaurs
  2 ogres (D:5)
  A scorpion (D:6)
  A wight (D:8)
  Dowan (D:5)
  11 killer bees (D:9)
  An orc wizard (D:6)
  3 adders (D:5)
  A shadow imp (D:5)
  9 orcs
35 creatures vanquished.

Vanquished Creatures (others)
  A spectral shadow imp (D:5)
  A yak zombie (D:9)
  A queen bee zombie (D:9)
  A basilisk zombie (D:9)
  9 killer bee zombies (D:9)
  2 hound zombies (D:5)
  2 iguana zombies
  3 adder zombies
  A goblin zombie (D:4)
  A kobold zombie (D:4)
  7 orc zombies
  A quokka zombie (D:5)
  A spectral ufetubus (D:6)
  3 demonic plants (D:6)
  52 fungi
  4 plants (Lair:1)
  4 toadstools (D:7)
94 creatures vanquished.

Grand Total: 377 creatures vanquished

Notes
Turn   | Place    | Note
-------+----------+-------------------------------------------
     0 | D:1      | MisterFreud the Formicid Gladiator began the quest for the
                  | Orb.
     0 | D:1      | Reached XP level 1. HP: 16/16 MP: 1/1
    37 | D:1      | You fall into a shaft and drop 1 floor!
   324 | D:2      | Reached XP level 2. HP: 18/22 MP: 2/2
   628 | D:1      | Reached skill level 4 in Staves
   628 | D:1      | Reached XP level 3. HP: 22/27 MP: 3/3
  1203 | D:2      | Reached XP level 4. HP: 18/33 MP: 4/4
  1518 | D:2      | Reached skill level 5 in Staves
  1873 | D:2      | Reached XP level 5. HP: 36/38 MP: 5/5
  2157 | D:2      | Found a faded altar of an unknown god.
  2952 | D:3      | You fall into a shaft and drop 1 floor!
  3267 | D:4      | Reached skill level 6 in Staves
  3298 | D:4      | Reached skill level 1 in Armour
  3298 | D:4      | Reached XP level 6. HP: 42/46 MP: 6/6
  3372 | D:4      | Noticed a sky beast
  3691 | D:4      | Found Mizij's General Store.
  3691 | D:4      | Found a staircase to the Ecumenical Temple.
  3711 | D:4      | Noticed Ijyb
  3738 | D:4      | Killed Ijyb
  3743 | Temple   | Entered the Ecumenical Temple
  4098 | Temple   | Became a worshipper of Yredelemnul the Dark
  4202 | D:4      | Reached * piety under Yredelemnul
  4364 | D:4      | Killed a sky beast
  4562 | D:4      | Reached XP level 7. HP: 53/53 MP: 7/7
  4625 | D:4      | Found a runed translucent door.
  4626 | D:4      | Noticed Crazy Yiuf
  4896 | D:4      | Killed Crazy Yiuf
  4996 | D:5      | Entered Level 5 of the Dungeon
  5078 | D:5      | Noticed Grinder
  5098 | D:5      | Killed Grinder
  5099 | D:5      | Reached skill level 5 in Fighting
  5260 | D:5      | Reached ** piety under Yredelemnul
  5261 | D:5      | Reached skill level 5 in Armour
  5261 | D:5      | Reached XP level 8. HP: 59/62 MP: 8/8
  5347 | D:5      | Found a blossoming altar of Fedhas.
  5358 | D:5      | Found a shimmering blue altar of Sif Muna.
  5384 | D:5      | Noticed Dowan
  5390 | D:5      | Noticed Duvessa
  5399 | D:5      | Killed Dowan
  5402 | D:5      | Found a shadowy altar of Dithmenos.
  5410 | D:5      | Killed Duvessa
  5411 | D:5      | Reached *** piety under Yredelemnul
  5453 | D:5      | Your ally Grinder died
  5935 | D:5      | Found a hazy altar of Hepliaklqana.
  5940 | D:5      | Reached skill level 1 in Invocations
  6050 | D:6      | Reached XP level 9. HP: 65/68 MP: 10/10
  6271 | D:6      | Found a transporter.
  6282 | D:6      | Found a transporter.
  6527 | D:6      | Reached skill level 7 in Staves
  6694 | D:6      | Reached **** piety under Yredelemnul
  6700 | D:6      | Reached ***** piety under Yredelemnul
  6789 | D:6      | Reached skill level 5 in Invocations
  6810 | D:6      | Identified a scroll of acquirement
  6810 | D:6      | Acquired a +2 spectral lajatang
  7417 | D:7      | Reached skill level 8 in Staves
  7475 | D:7      | Noticed a hornet
  7496 | D:7      | Killed a hornet
  8096 | D:8      | Reached XP level 10. HP: 74/74 MP: 15/15
  8103 | D:8      | Reached skill level 9 in Staves
  8732 | D:8      | Reached skill level 10 in Staves
  9322 | D:8      | Found Qexod's Weapon Boutique.
  9637 | D:9      | Noticed an elephant
  9638 | D:9      | Found a staircase to the Lair.
  9643 | D:9      | Killed an elephant
  9825 | D:9      | Reached XP level 11. HP: 77/83 MP: 17/17
  9915 | D:9      | Reached skill level 11 in Staves
 10290 | D:9      | Reached ****** piety under Yredelemnul
 10906 | D:10     | Entered Level 10 of the Dungeon
 11046 | D:10     | Found Uryemo's Assorted Antiques.
 11060 | D:10     | Reached skill level 12 in Staves
 11322 | D:10     | Found Jiurghitz's Book Shop.
 11372 | D:10     | Found Mabb's Jewellery Shoppe.
 11513 | D:10     | Found Xatti's Armour Shop.
 12048 | D:10     | Found a runed translucent gate.
 12050 | D:10     | Found a runed translucent gate.
 12050 | D:10     | Found a runed translucent gate.
 12051 | D:10     | Noticed a glowing orange brain
 12052 | D:10     | Noticed a green ugly thing
 12052 | D:10     | Noticed a brown ugly thing
 12052 | D:10     | Noticed a cyan ugly thing
 12052 | D:10     | Noticed a red ugly thing
 12229 | D:10     | Found an iron altar of Okawaru.
 12229 | D:10     | Found a bloodstained altar of Trog.
 12396 | Lair:1   | Entered Level 1 of the Lair of Beasts
 12571 | Lair:1   | Reached skill level 10 in Fighting
 12633 | Lair:1   | Reached XP level 12. HP: 78/97 MP: 18/18
 12642 | Lair:1   | Reached skill level 13 in Staves
 12969 | Lair:1   | Killed from afar by an electric eel

Illustrated notes

Levels and vault maps discovered:
D:1:      amcnicky_arrival_abandoned_market, layout_rooms
D:2:      layout_basic, dreamdust_ecumenical_altar_statues,
          chequers_serial_rivers_micro_d, minmay_increasing_density
D:3:      layout_basic, portal_sewer_entry_e
D:4:      layout_basic, temple_fountains, nicolae_stop_n_shop_1,
          uniq_crazy_yiuf_cottage, uniq_ijyb
D:5:      layout_gridville, mainiacjoe_overflow_small_starburst,
          nicolae_hepliaklqana_hippocampus, mainiacjoe_overflow_catch_the_wave,
          kennysheep_generic_room_13, uniq_grinder, uniq_duvessa
D:6:      gammafunk_steamed_eel, layout_gridville, serial_demonic,
          serial_demonic_a, serial_demonic_c, serial_demonic_e,
          serial_demonic_d, grunt_decor_mini_mirrors
D:7:      layout_cave_pods, minmay_gold_behind_fungi,
          chequers_serial_rivers_micro_b, nrook_mini_vaults,
          roderic_roman_lattice
D:8:      layout_layer_cave, serial_shops, nicolae_shop_behind_doors
D:9:      layout_roguey [special_room_bee], david_lair_generic
D:10:     layout_loops_corners, grunt_temple_overflow_bloody_war,
          ploomutoo_gammafunk_ghost_potion_laboratory, serial_shops,
          nicolae_shop_waterfront, nicolae_stop_n_shop_2, kennysheep_mini, shop
Temple:   nicolae_temple_slightly_damp_pantheon
Lair:1:   layout_cave_pods, serial_bayou, serial_bayou_shore_a,
          serial_bayou_pond_e, serial_bayou_lake_a, serial_bayou_pond_d,
          chequers_serial_rivers_micro_b, uniq_sonja

Skill      XL: |  1  2  3  4  5  6  7  8  9 10 11 12 |
---------------+-------------------------------------+-----
Staves         | 4 5 6 8 10 12 13 | 13.4
Armour         | 1 2 5 8 |  8.1
Fighting       | 3 5 6 10 | 10.0
Invocations    | 2 6 8 |  8.0
Throwing       | |  2.0
Dodging        | |  2.6

Action                   |  1- 3 |  4- 6 |  7- 9 | 10-12 || total
-------------------------+-------+-------+-------+-------++-------
Melee: Quarterstaff      |   104 |   210 |   153 |       ||   467
       Punch             |       |     3 |     2 |     1 ||     6
       Lajatang          |       |       |    41 |   202 ||   243
Throw: Boomerang         |       |     1 |       |       ||     1
Invok: Recall Undead Har |       |       |       |     3 ||     3
       Drain Life        |       |       |       |     1 ||     1
 Abil: Shaft Self        |     1 |     1 |       |       ||     2
Evoke: Wand              |       |       |       |     1 ||     1
  Use: Scroll            |     4 |     6 |    14 |     4 ||    28
 Stab: Sleeping          |     3 |     2 |       |       ||     5
       Distracted        |       |       |       |     5 ||     5
Armor: Leather armour    |    21 |    38 |       |       ||    59
       Ring mail         |       |    36 |   112 |   108 ||   256
Dodge: Dodged            |    71 |   125 |   127 |   146 ||   469
